 Dungeon Crawl Stone Soup version 0.31-a0-1134-gb247575874 (webtiles) character file.

Game seed: 9666174431900573815

41 kae the Vexing (level 3, -7/25 HPs)
             Began as a Demonspawn Enchanter on Dec 5, 2023.
             Mangled by Ijyb
             ... wielding a +5 club
              (11 damage)
             ... on level 3 of the Dungeon.
             The game lasted 00:01:32 (1402 turns).

kae the Vexing (Demonspawn Enchanter)               Turns: 1402, Time: 00:01:33

Health: -7/25      AC:  4    Str:  8    XL:     3   Next: 32%
Magic:  6/6        EV: 12    Int: 15    God:
Gold:   75         SH:  0    Dex: 15    Spells: 4/6 levels left

rFire   . . .        a - +1 dagger
rCold   . . .        (no shield)
rNeg    . . .        b - +0 robe
rPois   .            (helmet restricted)
rElec   .            (no cloak)
rCorr   .            (no gloves)
SInv    .            k - +1 pair of boots
Will    .....        (no amulet)
Stlth   ++           L - ring of flight
HPRegen 0.24/turn    (no ring)
MPRegen 0.10/turn

%: no passive effects
@: flying, invisible
A: antennae 1
a: no special abilities


You were on level 3 of the Dungeon.
You visited 1 branch of the dungeon, and saw 3 of its levels.

You collected 75 gold pieces.


Innate Abilities, Weirdness & Mutations

You have a pair of small antennae on your head.


   Skills:
 + Level 0.8 Fighting
 * Level 1.6 Short Blades
 - Level 1.7 Dodging
 * Level 3.2 Stealth
 + Level 2.2 Spellcasting
 + Level 3.2 Hexes


You had 4 spell levels left.
You knew the following spells:

 Your Spells              Type           Power      Damage    Failure   Level
a - Ensorcelled Hibernat  Hex/Ice        12%        N/A       17%         2

Your spell library contained the following spells:

 Spells                   Type           Power      Damage    Failure   Level
 Confusing Touch          Hex            11%        N/A       17%         3
 Tukima's Dance           Hex            11%        N/A       17%         3
 Lesser Beckoning         Tloc           2%         N/A       32%         2
 Dazzling Flash           Conj/Hex       12%        N/A       32%         3
 Gell's Gravitas          Tloc           1%         N/A       54%         3
 Teleport Other           Tloc           1%         N/A       54%         3
 Passage of Golubria      Tloc           1%         N/A       91%         4
 Yara's Violent Unravell  Hex/Tmut       3%         3d4       97%         5

Inventory:

Hand Weapons
 a - a +1 dagger (weapon)
Missiles
 e - 6 javelins
 j - 11 stones
 l - 5 boomerangs
Armour
 b - a +0 robe (worn)
 k - a +1 pair of boots (worn)
   (You found it on level 1 of the Dungeon)
Jewellery
 L - a ring of flight (left hand)
   (You found it on level 1 of the Dungeon)
Scrolls
 p - a scroll of enchant armour
Potions
 c - a potion of invisibility
 f - a potion of ambrosia
 h - a potion of degeneration {!q}
 m - a potion of cancellation {unknown}
 n - 2 potions of enlightenment
 o - 2 potions of haste {unknown}

Dungeon Overview and Level Annotations

Branches:
Dungeon (3/15) Zot: 16603

Altars:

Annotations:
D:3 Ijyb

#.# ####.# ##.$..#
####.....####
............#[#
#..........b#
#...........#
####g#......#
####### #@##.....#
##.....###.# #.#....
###..........# .#
#.# ##.######.#####
.# # . #.. #.#######
$
..##..######..<.....
.
..............######
...........†..#
#####.<#####.##


You could see Ijyb (unable to see you).


Message History

The ball python misses you. The ball python closely misses you. x2
The ball python grabs you. The ball python constricts you.
You hit the ball python. The ball python closely misses you.
The ball python constricts you.
You completely miss the ball python. The ball python bites you.
The ball python constricts you. 😕 HP[-3]
You take 3 damage, and now have 22/25 hp.
Casting: Ensorcelled Hibernation (safe; 17% risk of failure)
Confirm with . or Enter, or press ? or * to list all spells.
Aiming: Ensorcelled Hibernation (safe; 17% risk of failure)
Press: ? - help, Shift-Dir - straight line, f - ball python
Aim: a ball python (moderately wounded, constricting you, chance to affect: 57%)
The ball python looks drowsy...
The ball python loses its grip on you. 😕 HP[+1] MP[-2]
You lost 2 mp, and now have 4/6 mp.
Casting: Ensorcelled Hibernation (safe; 17% risk of failure)
Confirm with . or Enter, or press ? or * to list all spells.
You can't see any susceptible monsters within range! (Use Z to cast anyway.)
The helpless ball python fails to defend itself.
You impale the ball python!!
You kill the ball python!
No target in view!
You now have 64 gold pieces (gained 4).
You see here a ball python corpse.
You now have 75 gold pieces (gained 11).
A bat comes into view. 😎 HP[+2] MP[+2]
Your hp is fully restored (25).
Your mp is fully restored (6).
You miss the bat. The bat hits you but does no damage.
The bat closely misses you. The bat hits you. 😕 HP[-1]
You take 1 damage, and now have 24/25 hp.
A bat is nearby!
You hit the bat.
You kill the bat!
No target in view! 😎 HP[+1]
Your hp is fully restored (25).
A bat comes into view.
A bat is nearby!
A bat is nearby!
Ijyb the Twisted Goblin comes into view.
She is wielding a +5 club, wearing a +2 scale mail of cold resistance and carrying a wand of flame.
Ijyb closely misses you.
You closely miss Ijyb.
Ijyb zaps a wand.
The puff of flame hits you. 😕 HP[-5]
You take 5 damage, and now have 20/25 hp.
Casting: Ensorcelled Hibernation (safe; 17% risk of failure)
Confirm with . or Enter, or press ? or * to list all spells.
Aiming: Ensorcelled Hibernation (safe; 17% risk of failure)
Press: ? - help, Shift-Dir - straight line, f - you That would be overly suicidal.
Okay, then.
Unknown command.
Casting: Ensorcelled Hibernation (safe; 17% risk of failure)
Confirm with . or Enter, or press ? or * to list all spells.
Aiming: Ensorcelled Hibernation (safe; 17% risk of failure)
Press: ? - help, Shift-Dir - straight line, f - you That would be overly suicidal.
Okay, then.
Unknown command.
Casting: Ensorcelled Hibernation (safe; 17% risk of failure)
Confirm with . or Enter, or press ? or * to list all spells.
Aiming: Ensorcelled Hibernation (safe; 17% risk of failure)
Press: ? - help, Shift-Dir - straight line, f - you That would be overly suicidal.
Okay, then.
Unknown command.
Ijyb attacks as she pursues you! Ijyb hits you with a +5 club. 😮 HP[-5]
You take 5 damage, and now have 15/25 hp.
Casting: Ensorcelled Hibernation (safe; 17% risk of failure)
Confirm with . or Enter, or press ? or * to list all spells.
You don't know that spell.
Okay, then.
Okay, then.
You fade into invisibility!
Ijyb barely misses you.
You hit Ijyb but do no damage. Ijyb hits you with a +5 club.
* * * LOW HITPOINT WARNING * * *
😨 HP[-6]
You take 6 damage, and now have 9/25 hp.
MASSIVE DAMAGE!! (PAUSE)
You catch the helpless Ijyb completely off-guard!
You puncture Ijyb! Ijyb barely misses you.
You closely miss Ijyb.
Ijyb zaps a wand.
The puff of flame misses you.
You hit Ijyb but do no damage. Ijyb hits you with a +5 club.
* * * LOW HITPOINT WARNING * * *
😱 HP[-5]
You take 5 damage, and now have 4/25 hp.
You closely miss Ijyb. Ijyb closely misses you.
You hit Ijyb but do no damage. Ijyb barely misses you.
Unknown command.
You hit Ijyb. Ijyb hits you with a +5 club!
You die...

Skill      XL: |  1  2 |
---------------+-------+-----
Short Blades   | 1 |  1.6
Stealth        | 3 |  3.2
Fighting       | |  0.8
Dodging        | |  1.7
Spellcasting   | |  2.2
Hexes          | |  3.2

Action                     || total
---------------------------++-------
  Melee: Dagger            ||   114
         Punch             ||     1
   Cast: Ensorcelled Hiber ||     7
    Use: Scroll            ||     6
         Potion            ||     1
   Stab: Sleeping          ||    13
         Invisible         ||     1
 Armour: Robe              ||    62
  Dodge: Dodged            ||    73

Levels and vault maps discovered:
D:1:      mrwooster_arrival_statue, layout_basic
D:2:      layout_loops_cross
D:3:      layout_loops_ring, kennysheep_orc_sif_temple, tso_metal_star,
          shapermc_ecumenical_altar_notcrosses, serial_bayou_crossing, uniq_ijyb

Notes
Turn   | Place    | Note
-------+----------+-------------------------------------------
     0 | D:1      | kae the Demonspawn Enchanter began the quest for the Orb.
     0 | D:1      | Reached XP level 1. HP: 13/13 MP: 3/3
     0 | D:1      | magus.rc [v1.11.3]
   149 | D:1      | Reached skill level 1 in Short Blades
   330 | D:1      | Gained mutation: You have a pair of small antennae on your
                  | head. [demonic ancestry]
   330 | D:1      | Reached XP level 2. HP: 17/20 MP: 5/5
   333 | D:1      | Learned a level 2 spell: Ensorcelled Hibernation
   530 | D:1      | Reached skill level 3 in Stealth
   769 | D:2      | HP: 5/20 [worm (10)]
   897 | D:2      | Reached XP level 3. HP: 23/25 MP: 6/6
  1075 | D:2      | You add the spells Passage of Golubria and Yara's Violent
                  | Unravelling to your library.
  1299 | D:2      | You pick up a book of Displacement and begin reading...
  1299 | D:2      | You add the spells Lesser Beckoning, Gell's Gravitas and
                  | Teleport Other to your library.
  1389 | D:3      | Noticed Ijyb
  1399 | D:3      | HP: 4/25 [Ijyb/+5 club (6)]
  1402 | D:3      | Mangled by Ijyb

Vanquished Creatures
  2 worms (D:2)
  A dart slug (D:2)
  4 ball pythons
  5 endoplasms
  3 hobgoblins
  5 bats
  2 frilled lizards
  6 goblins
  4 kobolds
32 creatures vanquished.

Table legend:
 A = Non-vault XP
 B = Vault XP
 C = Vault XP percentage of total XP
 D = Non-vault monster count
 E = Vault monster count
 F = Vault count percentage of total count
                 A         B        C        D         E       F
            +---------+---------+-------+---------+---------+-------
      Total |      59 |       0 |   0.0 |      32 |       0 |   0.0
            +---------+---------+-------+---------+---------+-------
        D:1 |      23 |       0 |   0.0 |      14 |       0 |   0.0
        D:2 |      33 |       0 |   0.0 |      16 |       0 |   0.0
        D:3 |       3 |       0 |   0.0 |       2 |       0 |   0.0
            +---------+---------+-------+---------+---------+-------

Skill      XL: |  1  2 |
---------------+-------+-----
Short Blades   | 1 |  1.6
Stealth        | 3 |  3.2
Fighting       | |  0.8
Dodging        | |  1.7
Spellcasting   | |  2.2
Hexes          | |  3.2

Action                     || total
---------------------------++-------
  Melee: Dagger            ||   114
         Punch             ||     1
   Cast: Ensorcelled Hiber ||     7
    Use: Scroll            ||     6
         Potion            ||     1
   Stab: Sleeping          ||    13
         Invisible         ||     1
 Armour: Robe              ||    62
  Dodge: Dodged            ||    73

Illustrated notes

Table legend:
 A = Kills in this place as a percentage of kills in the entire game.
 B = Kills by you in this place as a percentage of kills by you in the entire game.
 C = Kills by friends in this place as a percentage of kills by friends in the entire game.
 D = Other kills in this place as a percentage of other kills in the entire game.
 E = Experience gained in this place as a percentage of experience gained in the entire game.
 F = Experience gained in this place divided by the number of levels of this place that you have seen.
                   A       B       C       D       E      F
               +-------+-------+-------+-------+-------+----------------------
         Total | 100.0 | 100.0 |   N/A |   N/A | 100.0 |  19.7
       Dungeon | 100.0 | 100.0 |   N/A |   N/A | 100.0 |  19.7
               +-------+-------+-------+-------+-------+----------------------

Table legend: (Time is in decaauts)
 A = Elapsed time spent in this place.
 B = Non-inter-level travel time spent in this place.
 C = Inter-level travel time spent in this place.
 D = Time resting spent in this place.
 E = Time spent auto-exploring this place.
 F = Levels seen in this place.
 G = Mean time per level.
                   A        B        C        D        E       F      G
               +--------+--------+--------+--------+--------+-----+--------+
         Total |   1395 |   1332 |     63 |     58 |    984 |   3 |  465.0 |
       Dungeon |   1395 |   1332 |     63 |     58 |    984 |   3 |  465.0 |
               +--------+--------+--------+--------+--------+-----+--------+

Top non-repeatable levels by time:
     D:1: 678 daAuts
     D:2: 670 daAuts
     D:3: 46 daAuts
